 Dungeon Crawl Stone Soup version 0.24.0-13-gcf9b319 (webtiles) character file.

Game seed: 7189232573693922890, levelgen mode: deterministic

823 Cheivey the Cudgeler (level 7, -3/55 HPs)
             Began as a Demonspawn Fighter on May 23, 2020.
             Was a Believer of Ashenzari.
             Slain by a wight
             ... wielding a +0 halberd
              (9 damage)
             ... on level 5 of the Dungeon.
             The game lasted 00:15:16 (3308 turns).

Cheivey the Cudgeler (Demonspawn Fighter)           Turns: 3308, Time: 00:15:17

Health: -3/55      AC:  8    Str: 24    XL:     7   Next: 64%
Magic:  7/7        EV:  7    Int:  9    God:    Ashenzari [**....]
Gold:   215        SH: 15    Dex: 12    Spells: 6/6 levels left

rFire    . . .     SeeInvis .   j - +1 whip (freeze)
rCold    . . .     Gourm    .   c - +0 shield
rNeg     . . .     Faith    .   k - +0 scale mail
rPois    .         Spirit   .   b - +0 helmet (curse)
rElec    .         Reflect  .   (no cloak)
rCorr    .         Harm     .   e - +0 pair of gloves (curse)
MR       +....                  (no boots)
Stlth    ..........             (no amulet)
HPRegen  0.18/turn              x - ring of protection from magic
MPRegen  0.10/turn              (no ring)

@: mighty, heavily drained
A: large bone plates 2, powered by death 1, spiny 1
a: Curse Item, Scrying, Renounce Religion


You were on level 5 of the Dungeon.
You worshipped Ashenzari.
Ashenzari was pleased with you.
You were hungry.

You visited 1 branch of the dungeon, and saw 5 of its levels.

You collected 215 gold pieces.

Inventory:

Hand Weapons
 a - a +0 flail
 j - a +1 whip of freezing (weapon)
Armour
 b - a cursed +0 helmet (worn)
 c - a +0 shield (worn)
 e - a cursed +0 pair of gloves (worn)
 k - a +0 scale mail (worn)
Jewellery
 x - a ring of protection from magic (left hand)
Wands
 d - a wand of polymorph (8)
 m - a wand of digging (8)
Scrolls
 g - 4 scrolls of identify
 o - a scroll of blinking
 p - a scroll of remove curse
 q - 2 scrolls of teleportation {unknown}
 s - a scroll of immolation {unknown}
 v - a scroll of amnesia {unknown}
 y - a scroll of enchant armour
Potions
 l - a potion of haste
 n - a potion of flight
 r - a potion of ambrosia {unknown}
 t - a potion of brilliance {unknown}
 u - a potion of degeneration {unknown}
Comestibles
 f - 5 rations


   Skills:
 + Level 4.3(2.6) Fighting
 + Level 5.5(3.6) Maces & Flails
 + Level 3.9(2.1) Armour
 + Level 1.7(0.0) Dodging
 + Level 4.4(2.6) Shields


You had 6 spell levels left.
You didn't know any spells.
Your spell library was empty.

Dungeon Overview and Level Annotations

Branches:
Dungeon (5/15)
 Temple: D:4-7

Altars:
Ashenzari
Elyvilon
Makhleb
Ru
Xom


Innate Abilities, Weirdness & Mutations

You are mostly covered in large bone plates. (SH +6)
You regenerate a little health from kills.
You are partially covered in sharp spines.


Message History

The wight is struck by your spines.
The wight hits you with a cursed +1 spear.
* * * LOW HITPOINT WARNING * * *
You feel drained.
* * * LOW HITPOINT WARNING * * *
You hit the wight.
The wight is heavily damaged.
The wight completely misses you. You block the wight's attack.
The wight barely misses you.
You hit the wight.
The wight is severely damaged.
The wight barely misses you.
The wight hits you from afar with a +0 halberd.
* * * LOW HITPOINT WARNING * * *
The wight closely misses you.
You hit the wight.
The wight is almost destroyed.
You block the wight's attack. x2
The wight hits you from afar with a +0 halberd!
You die...

################
##......#....#.####
..................#
.....#.<..........#
.....#.........z..#
###.############@####
###.#### ##z##.##
.......+ #.z....#
.......# #......#
.###..## ##..#..# .#
..# ##..#### .. ....
#....# ... .....
#....# .###..####
##..#####


You could see 3 wights.

Vanquished Creatures
  Pikel (D:4)
  A scorpion (D:4)
  A wight (D:5)
  A crimson imp (D:5)
  Terence (D:3)
  An orc wizard (D:3)
  A worker ant (D:4)
  2 hound skeletons
  4 adders
  7 worms
  4 dart slugs
  A leopard gecko (D:2)
  4 orcs (D:3)
  2 ball pythons (D:1)
  4 giant cockroaches
  6 goblins
  5 hobgoblins
  20 jackals
  A kobold (D:1)
  3 quokkas
  13 bats
  7 frilled lizards
  7 rats
97 creatures vanquished.

Notes
Turn   | Place    | Note
-------+----------+-------------------------------------------
     0 | D:1      | Cheivey the Demonspawn Fighter began the quest for the Orb.
     0 | D:1      | Reached XP level 1. HP: 18/18 MP: 1/1
   159 | D:1      | Gained mutation: You are partially covered in sharp spines.
                  | [demonic ancestry]
   159 | D:1      | Reached XP level 2. HP: 17/24 MP: 2/2
   365 | D:1      | Reached skill level 2 in Maces & Flails
   756 | D:2      | Gained mutation: You are partially covered in large bone
                  | plates. (SH +4) [demonic ancestry]
   756 | D:2      | Reached XP level 3. HP: 29/29 MP: 3/3
   765 | D:2      | Found a shimmering altar of Xom.
   787 | D:2      | Found a shimmering altar of Xom.
   787 | D:2      | Found a shimmering altar of Xom.
   790 | D:2      | Found a shimmering altar of Xom.
   790 | D:2      | Found a shimmering altar of Xom.
   790 | D:2      | Found a shimmering altar of Xom.
   790 | D:2      | Found a shimmering altar of Xom.
  1332 | D:2      | Gained mutation: You are mostly covered in large bone
                  | plates. (SH +6) [demonic ancestry]
  1332 | D:2      | Reached XP level 4. HP: 31/35 MP: 4/4
  1401 | D:2      | Found a faded altar of an unknown god.
  1451 | D:2      | Became a worshipper of Ashenzari the Shackled
  1451 | D:2      | Reached * piety under Ashenzari
  1911 | D:2      | Found a shimmering altar of Xom.
  1978 | D:3      | Reached XP level 5. HP: 19/42 MP: 5/5
  2011 | D:3      | Found a white marble altar of Elyvilon.
  2093 | D:3      | Reached skill level 3 in Maces & Flails
  2453 | D:3      | Found a sacrificial altar of Ru.
  2492 | D:3      | Noticed Terence
  2505 | D:3      | Killed Terence
  2767 | D:4      | Reached skill level 1 in Dodging
  2904 | D:4      | Found a burning altar of Makhleb.
  3019 | D:4      | Gained mutation: You regenerate a little health from kills.
                  | [demonic ancestry]
  3019 | D:4      | Reached XP level 6. HP: 48/48 MP: 6/6
  3070 | D:4      | Noticed Pikel
  3070 | D:4      | Noticed a slave
  3070 | D:4      | Noticed a slave
  3071 | D:4      | Noticed a slave
  3077 | D:4      | Noticed a slave
  3083 | D:4      | Killed Pikel
  3083 | D:4      | Reached skill level 5 in Maces & Flails
  3083 | D:4      | Reached XP level 7. HP: 47/54 MP: 7/7
  3176 | D:5      | Entered Level 5 of the Dungeon
  3197 | D:5      | Identified the +1 hat "Zaisk" {rPois Str-5 Int+8 SInv}
  3237 | D:5      | Reached ** piety under Ashenzari
  3308 | D:5      | Slain by a wight

Levels and vault maps discovered:
D:1:      minmay_arrival_checkered_box, layout_loops_cross, serial_forest,
          infiniplex_forest_lined_room_2, infiniplex_forest_straight_2,
          infiniplex_forest_clump_cross, infiniplex_forest_clump_small,
          infiniplex_forest_clump_double, infiniplex_forest_straight_1
D:2:      minmay_chambers_of_ones, layout_basic, xom_redecorated,
          chequers_ecumenical_altar_island
D:3:      layout_rooms, lemuel_doored_altar, marbit_many_paths,
          kennysheep_donut, minmay_misc_feat_iff, grunt_ministairs_12,
          uniq_terence
D:4:      layout_basic, lemuel_crystal_altar, first_ration, uniq_pikel
D:5:      layout_gridville, uniq_edmund

Skill      XL: |  1  2  3  4  5  6 |
---------------+-------------------+-----
Shields        | 3 4 |  4.4
Maces & Flails | 2 3 5 |  5.5
Armour         | 3 |  3.9
Dodging        | 1 |  1.7
Fighting       | 4 |  4.3

Action                   |  1- 3 |  4- 6 |  7- 9 || total
-------------------------+-------+-------+-------++-------
Melee: Flail             |    95 |   132 |       ||   227
       Whip              |       |       |    48 ||    48
Invok: Curse Item        |       |     1 |       ||     1
  Use: Scroll            |     2 |     2 |       ||     4
       Potion            |       |     6 |     4 ||    10
  Eat: Chunk             |     1 |     3 |       ||     4
       Ration            |       |     1 |       ||     1
Armor: Scale mail        |    50 |    41 |     6 ||    97
Dodge: Dodged            |    24 |    38 |    16 ||    78
Block: Shield            |    69 |   109 |    50 ||   228
